 Dungeon Crawl Stone Soup version 0.27.1-1-g398f81649c (webtiles) character file.

Game seed: 5227598391459826654

91 chaosape the Fighter (level 4, -4/45 HPs)
             Began as a Gnoll Wanderer on Sept 20, 2021.
             Slain by Sigmund (9 damage)
             ... on level 3 of the Dungeon.
             The game lasted 00:12:46 (3515 turns).

chaosape the Fighter (Gnoll Wanderer)               Turns: 3515, Time: 00:12:47

Health: -4/45      AC:  7    Str: 12    XL:     4   Next: 57%
Magic:  5/5        EV: 10    Int: 10    God:
Gold:   109        SH:  5    Dex: 13    Spells: 5/5 levels left

rFire    . . .     SeeInvis .   a - +2 mace
rCold    . . .     Faith    .   c - +0 buckler
rNeg     . . .     Spirit   .   b - +0 ring mail
rPois    .         Reflect  .   (no helmet)
rElec    .         Harm     .   (no cloak)
rCorr    .         Rampage  .   p - +0 pair of gloves
Will     .....                  (no boots)
Stlth    +.........             (no amulet)
HPRegen  0.15/turn              (no ring)
MPRegen  0.09/turn              (no ring)

@: no status effects
A: fangs 1, strong nose, distributed training
a: no special abilities


You were on level 3 of the Dungeon.
You visited 1 branch of the dungeon, and saw 3 of its levels.

You collected 109 gold pieces.

Inventory:

Hand Weapons
 a - a +2 mace (weapon)
 i - a +1 dagger of draining
 t - a +0 club
Missiles
 e - 14 arrows
 l - 8 curare-tipped darts (quivered)
 n - 11 poisoned darts
Armour
 b - a +0 ring mail (worn)
 c - a +0 buckler (worn)
 p - a +0 pair of gloves (worn)
 r - a +0 chain mail
 u - a +0 plate armour
 v - a +0 chain mail
Magical Staves
 g - a staff of fire
Scrolls
 f - a scroll of magic mapping
 h - a scroll of identify
 k - a scroll of amnesia


   Skills:
 + Level 8.6 Fighting
 + Level 1.2 Short Blades
 + Level 1.2 Long Blades
 + Level 1.2 Axes
 + Level 2.8 Maces & Flails
 + Level 1.2 Polearms
 + Level 1.2 Staves
 + Level 1.2 Slings
 + Level 2.8 Bows
 + Level 1.2 Crossbows
 + Level 1.2 Throwing
 + Level 4.6 Armour
 + Level 1.2 Dodging
 + Level 1.2 Stealth
 + Level 4.6 Shields
 + Level 1.2 Unarmed Combat
 + Level 1.2 Spellcasting
 + Level 1.0 Conjurations
 + Level 1.0 Hexes
 + Level 1.0 Summonings
 + Level 1.0 Necromancy
 + Level 1.0 Translocations
 + Level 1.0 Transmutations
 + Level 1.0 Fire Magic
 + Level 1.0 Ice Magic
 + Level 1.0 Air Magic
 + Level 1.0 Earth Magic
 + Level 1.0 Poison Magic
 + Level 1.3 Invocations
 + Level 1.2 Evocations


You had 5 spell levels left.
You didn't know any spells.
Your spell library contained the following spells:

 Spells                   Type           Power      Damage    Failure   Level
 Frozen Ramparts          Ice            4%         1d2       82%         3
 Ice Form                 Ice/Tmut       2%         N/A       99%         4
 Summon Ice Beast         Ice/Summ       2%         N/A       99%         4


Dungeon Overview and Level Annotations

Branches:
Dungeon (3/15)

Altars:

Annotations:
D:3 Grinder, Sigmund


Innate Abilities, Weirdness & Mutations

You have very sharp teeth.
Your uncanny sense of smell can sniff out nearby items.
Your experience applies equally to all skills.


Message History

Sigmund hits you but does no damage.
Sigmund hits you from afar with a +0 scythe!
* * * LOW HITPOINT WARNING * * *
You feel less wooden.
Your +0 pair of gloves unmelds from your body.
Your +0 ring mail unmelds from your body.
Sigmund barely misses you. Sigmund closely misses you.
You hear a zap.
Some rock shatters into small pieces.
It was a potion of ambrosia.
You are confused.
You feel invigorated.
You hear a zap.
Some rock shatters into small pieces.
Sigmund gestures at you while chanting.
You are more confused.
You feel less invigorated.
Sigmund zaps a wand.
Some rock shatters into small pieces.
You're too confused to move!
You bump into the rock wall.
You bump into the rock wall.
You feel less confused.
Sigmund hits you from afar with a +0 scythe.
You hit the endoplasm.
The endoplasm is almost dead.
You block the endoplasm's attack.
Sigmund hits you from afar with a +0 scythe!
You hit the endoplasm but do no damage.
The endoplasm is almost dead.
The endoplasm closely misses you. Sigmund hits you but does no damage.
The endoplasm freezes you.
You are frozen.
You hit the endoplasm.
You kill the endoplasm!
Sigmund hits you from afar with a +0 scythe!
* * * LOW HITPOINT WARNING * * *
Sigmund closely misses you.
Sigmund hits you from afar with a +0 scythe!
You die...

#.#<..####.##.
#.#...# #.#
##.##...# #.# ##
##...#.##.# #.#
#.# #..#..# ..##..
#.# #.##.###
#.##.. #.#
##.#....# .....
#.##..@...?##....∆
#.#@.#........
#..##<.....#
#..#.....###
#.....[..#
#...#....#
###.#....# .######
.# .#


You could see Sigmund.

Vanquished Creatures
  An adder (D:2)
  3 worms (D:2)
  2 dart slugs (D:2)
  2 bats
  3 endoplasms
  A giant cockroach (D:1)
  11 goblins
  7 hobgoblins
  7 jackals
  6 kobolds
  4 quokkas
  6 ball pythons
  3 frilled lizards (D:1)
  3 rats
59 creatures vanquished.

Notes
Turn   | Place    | Note
-------+----------+-------------------------------------------
     0 | D:1      | chaosape the Gnoll Wanderer began the quest for the Orb.
     0 | D:1      | chaosape set off with the following items: a +2 mace, a +0
                  | ring mail, a +0 buckler
     0 | D:1      | Reached XP level 1. HP: 26/26 MP: 1/1
   171 | D:1      | Reached XP level 2. HP: 31/33 MP: 2/2
   298 | D:1      | You fall into a shaft and drop 1 floor!
   557 | D:1      | Found a faded altar of an unknown god.
   594 | D:1      | Reached XP level 3. HP: 17/38 MP: 3/3
  1560 | D:2      | Reached skill level 1 in Invocations
  1968 | D:2      | Reached skill level 1 in Short Blades
  1968 | D:2      | Reached skill level 1 in Long Blades
  1968 | D:2      | Reached skill level 1 in Axes
  1968 | D:2      | Reached skill level 1 in Polearms
  1968 | D:2      | Reached skill level 1 in Staves
  1968 | D:2      | Reached skill level 1 in Slings
  1968 | D:2      | Reached skill level 1 in Crossbows
  1968 | D:2      | Reached skill level 1 in Throwing
  1968 | D:2      | Reached skill level 1 in Dodging
  1968 | D:2      | Reached skill level 1 in Stealth
  1968 | D:2      | Reached skill level 1 in Unarmed Combat
  1968 | D:2      | Reached skill level 1 in Spellcasting
  1968 | D:2      | Reached skill level 1 in Evocations
  2240 | D:2      | Reached XP level 4. HP: 45/45 MP: 5/5
  2372 | D:3      | Noticed Grinder
  2381 | D:3      | Paralysed by Grinder for 5 turns
  2994 | D:3      | Noticed an ogre
  3017 | D:3      | Reached skill level 1 in Conjurations
  3017 | D:3      | Reached skill level 1 in Hexes
  3017 | D:3      | Reached skill level 1 in Summonings
  3017 | D:3      | Reached skill level 1 in Necromancy
  3017 | D:3      | Reached skill level 1 in Translocations
  3017 | D:3      | Reached skill level 1 in Transmutations
  3017 | D:3      | Reached skill level 1 in Fire Magic
  3017 | D:3      | Reached skill level 1 in Ice Magic
  3017 | D:3      | Reached skill level 1 in Air Magic
  3017 | D:3      | Reached skill level 1 in Earth Magic
  3017 | D:3      | Reached skill level 1 in Poison Magic
  3450 | D:3      | Noticed Sigmund
  3515 | D:3      | Slain by Sigmund

Illustrated notes

Levels and vault maps discovered:
D:1:      lemuel_arrival_rhombus, layout_basic,
          hellmonk_ecumenical_altar_lost_god, minmay_octomino_e4
D:2:      layout_basic
D:3:      layout_rooms, general_overflow_altar, minmay_ogre_servants,
          uniq_sigmund, uniq_crazy_yiuf_cottage, uniq_grinder

Skill      XL: |  1  2  3  4 |
---------------+-------------+-----
Invocations    | 1 |  1.3
Short Blades   | 1 |  1.2
Long Blades    | 1 |  1.2
Axes           | 1 |  1.2
Polearms       | 1 |  1.2
Staves         | 1 |  1.2
Slings         | 1 |  1.2
Crossbows      | 1 |  1.2
Throwing       | 1 |  1.2
Dodging        | 1 |  1.2
Stealth        | 1 |  1.2
Unarmed Combat | 1 |  1.2
Spellcasting   | 1 |  1.2
Evocations     | 1 |  1.2
Conjurations   | 1 |  1.0
Hexes          | 1 |  1.0
Summonings     | 1 |  1.0
Necromancy     | 1 |  1.0
Translocations | 1 |  1.0
Transmutations | 1 |  1.0
Fire Magic     | 1 |  1.0
Ice Magic      | 1 |  1.0
Air Magic      | 1 |  1.0
Earth Magic    | 1 |  1.0
Poison Magic   | 1 |  1.0
Fighting       | |  8.6
Maces & Flails | |  2.8
Bows           | |  2.8
Armour         | |  4.6
Shields        | |  4.6

Action                   |  1- 3 |  4- 6 || total
-------------------------+-------+-------++-------
Melee: Mace              |    99 |    78 ||   177
       Bite              |    12 |     4 ||    16
  Use: Scroll            |     2 |     6 ||     8
       Potion            |       |     2 ||     2
Armor: Ring mail         |    35 |    46 ||    81
       Skin              |       |     8 ||     8
Dodge: Dodged            |    54 |    53 ||   107
Block: Buckler           |    26 |    37 ||    63
